 Dungeon Crawl Stone Soup version 0.22-a0-542-gce4f928 (webtiles) character file.

4613 kae the Martial Artist (level 10, -1/76 HPs)
             Began as a Demonspawn Transmuter on June 24, 2018.
             Was a Believer of Okawaru.
             Slain by an ogre
             ... wielding a +0 giant club
              (26 damage)
             ... on level 8 of the Dungeon.
             The game lasted 00:09:25 (8944 turns).

kae the Martial Artist (Demonspawn Transmuter)      Turns: 8944, Time: 00:09:26

Health: -1/76      AC: 18    Str: 10    XL:     10   Next: 19%
Magic:  16/18      EV: 16    Int: 19    God:    Okawaru [**....]
Gold:   447        SH:  0    Dex: 17    Spells: 9/20 levels left

rFire    . . .     SeeInvis .     - Unarmed
rCold    . . .     Gourm    .   (no shield)
rNeg     . . .     Faith    .   b - +1 robe
rPois    .         Spirit   .   r - +0 helmet
rElec    .         Reflect  .   y - +1 cloak
rCorr    .         Harm     .   (no gloves)
MR       .....                  (no boots)
Stlth    +++.......             o - amulet of the acrobat
HPRegen  0.22/turn              h - +4 ring of intelligence
MPRegen  0.16/turn              (no ring)

@: heroism, sanguine armour, drained
A: talons 1, rot immunity, sanguine armour 3
a: Heroism, Renounce Religion


You were on level 8 of the Dungeon.
You worshipped Okawaru.
Okawaru was pleased with you.
You were not hungry.

You visited 2 branches of the dungeon, and saw 9 of its levels.

You collected 447 gold pieces.

Inventory:

Missiles
 a - 119 arrows
Armour
 b - a +1 robe (worn)
 r - a +0 helmet (worn)
 y - a +1 cloak (worn)
Jewellery
 h - a +4 ring of intelligence (left hand)
 o - an amulet of the acrobat (around neck)
Wands
 p - a wand of flame (33)
 v - a wand of random effects (21)
 B - a wand of enslavement (9)
Scrolls
 g - 5 scrolls of remove curse
 q - a scroll of teleportation
 t - a scroll of enchant armour
 w - a scroll of enchant weapon
 x - 2 scrolls of fear
Potions
 e - a potion of invisibility
 f - 2 potions of ambrosia
 i - a potion of haste
 j - 3 potions of curing
 k - a potion of magic
 m - 3 potions of heal wounds
 n - a potion of resistance {unknown}
 u - a potion of brilliance {unknown}
 z - a potion of berserk rage {unknown}
 A - 2 potions of might {unknown}
Comestibles
 c - 5 chunks of flesh
 d - 9 rations


   Skills:
 + Level 5.9(10.6) Fighting
 - Level 1.7(6.5) Dodging
 * Level 8.2(13.0) Unarmed Combat
 + Level 5.7(5.5) Spellcasting
 * Level 7.9(7.7) Transmutations
 + Level 4.3(4.1) Invocations


You had 9 spell levels left.
You knew the following spells:

 Your Spells              Type           Power        Failure   Level  Hunger
a - Beastly Appendage     Tmut           ####..       1%          1    None
b - Sticks to Snakes      Tmut           ####....     1%          2    None
c - Spider Form           Tmut/Pois      ###.......   7%          3    ##.....
d - Blade Hands           Tmut           ####......   14%         5    #####..

Your spell library contained the following spells:

 Spells                   Type           Power        Failure   Level  Hunger
 Apportation              Tloc           #.....       12%         1    None
 Summon Small Mammal      Summ           #...         12%         1    None
 Animate Skeleton         Necr           N/A          12%         1    None
 Ice Form                 Ice/Tmut       ###.....     24%         4    ####...
 Confusing Touch          Hex            #.....       12%         1    None


Dungeon Overview and Level Annotations

Branches:
Dungeon (8/15)             Temple (1/1) D:6
   Lair: D:8-11

Altars:
Ashenzari
Cheibriados
Dithmenos
Elyvilon
Fedhas
Gozag
Hepliaklqana
Kikubaaqudgha
Makhleb
Nemelex Xobeh
Okawaru
Qazlal
Sif Muna
Trog
Uskayaw
Vehumet
Wu Jian
Xom
Yredelemnul
The Shining One

Shops:
D:4 [


Innate Abilities, Weirdness & Mutations

You have sharp toenails.
You are immune to rotting.
When seriously injured, your bleeding wounds create very thick armour. (AC +12)


Message History

The ogre hits you with a giant club!!
Your blood congeals into armour.
You hear a shout!
You are too injured to fight recklessly!
You are too injured to fight recklessly!
You are too injured to fight recklessly!
You are too injured to fight recklessly!
You are too injured to fight recklessly!
You are too injured to fight recklessly!
You are too injured to fight recklessly!
You barely miss the ogre. You claw the ogre.
The ogre is moderately wounded.
The ogre barely misses you.
You hit the ogre. Your kick misses the ogre.
The ogre is heavily wounded.
You hit the ogre. You claw the ogre.
The ogre is severely wounded.
The ogre hits you with a giant club!!
You gain the combat prowess of a mighty hero.
The ogre hits you with a giant club!!
You die...

#........)#######...#
#.........# ##### ##
#.........# ..
#.........# . ##
#####.#########.. #.#
....... #.# .......
#.####o..# #..@OO...#
#######..# .... .###
.. .. .


You could see 2 ogres and an orc.

Vanquished Creatures
  A hellwing (D:8)
  2 hippogriffs (D:7)
  Sigmund (D:4)
  Menkaure (D:4)
  An orc warrior (D:7)
  2 ice beasts
  A black bear (D:7)
  4 ogres
  2 phantoms
  2 centaurs
  2 bullfrogs
  A water moccasin skeleton (D:7)
  2 wyvern skeletons (D:8)
  9 wights
  2 howler monkeys
  2 crimson imps
  4 centaur zombies
  4 hounds
  3 orc wizards
  2 jellies
  A bullfrog skeleton (D:7)
  4 iguanas
  Natasha (thrice) (D:4)
  7 worker ants
  A hound skeleton (D:7)
  A howler monkey zombie (D:6)
  7 adders
  5 shadow imps
  An adder skeleton (D:7)
  An adder zombie (D:7)
  2 dart slugs (D:1)
  2 worms
  A leopard gecko (D:6)
  15 orcs
  A giant cockroach (D:1)
  12 hobgoblins
  5 jackals (D:6)
  4 quokkas
  3 bats
  5 frilled lizards
  6 goblins
  6 kobolds
  4 rats
145 creatures vanquished.

Vanquished Creatures (collateral kills)
  A scorpion (D:4)
  2 worker ants (D:4)
  A kobold (D:2)
  A frilled lizard (D:4)
5 creatures vanquished.

Grand Total: 150 creatures vanquished

Notes
Turn   | Place    | Note
-------+----------+-------------------------------------------
     0 | D:1      | kae the Demonspawn Transmuter began the quest for the Orb.
     0 | D:1      | Reached XP level 1. HP: 15/15 MP: 3/3
   292 | D:1      | Gained mutation: When seriously injured, your bleeding wounds create armour. (AC +12) [demonic ancestry]
   292 | D:1      | Reached XP level 2. HP: 17/21 MP: 3/5
   603 | D:1      | Reached skill level 3 in Unarmed Combat
   994 | D:2      | Learned a level 2 spell: Sticks to Snakes
  1103 | D:2      | Gained mutation: You have sharp toenails. [demonic ancestry]
  1103 | D:2      | Reached XP level 3. HP: 12/26 MP: 6/6
  1117 | D:2      | Learned a level 3 spell: Spider Form
  1601 | D:2      | Found a shattered altar of Ashenzari.
  2004 | D:3      | Gained mutation: When seriously injured, your bleeding wounds create thick armour. (AC +12) [demonic ancestry]
  2004 | D:3      | Reached XP level 4. HP: 16/33 MP: 2/7
  2717 | D:4      | Noticed Natasha
  2738 | D:4      | Killed Natasha
  2738 | D:4      | Reached XP level 5. HP: 23/38 MP: 3/8
  3034 | D:4      | Noticed Natasha
  3040 | D:4      | Killed Natasha
  3059 | D:4      | Noticed Menkaure
  3081 | D:4      | Noticed Natasha
  3091 | D:4      | Killed Natasha
  3091 | D:4      | Reached skill level 4 in Unarmed Combat
  3111 | D:4      | Noticed an ogre
  3122 | D:4      | Killed an ogre
  3122 | D:4      | Reached XP level 6. HP: 41/46 MP: 4/10
  3133 | D:4      | Found an opulent altar of Gozag.
  3134 | D:4      | Noticed Sigmund
  3371 | D:4      | Killed Menkaure
  3963 | D:4      | Found Atukyib's Armour Emporium.
  3975 | D:4      | Reached XP level 7. HP: 48/51 MP: 8/11
  3996 | D:4      | Learned a level 5 spell: Blade Hands
  4070 | D:4      | Killed Sigmund
  4070 | D:4      | Reached skill level 5 in Unarmed Combat
  4397 | D:5      | Entered Level 5 of the Dungeon
  4596 | D:5      | Reached skill level 5 in Transmutations
  4642 | D:5      | Gained mutation: You are immune to rotting. [demonic ancestry]
  4642 | D:5      | Reached XP level 8. HP: 27/60 MP: 10/13
  5176 | D:6      | Found a white marble altar of Elyvilon.
  5200 | D:6      | Found a hazy altar of Hepliaklqana.
  5374 | D:6      | Found an ornate altar of the Wu Jian Council.
  5405 | D:6      | Found a blossoming altar of Fedhas.
  5651 | D:6      | Found a staircase to the Ecumenical Temple.
  5664 | D:6      | Reached skill level 6 in Unarmed Combat
  5813 | Temple   | Entered the Ecumenical Temple
  5910 | Temple   | Became a worshipper of Warmaster Okawaru
  6543 | D:6      | Found a radiant altar of Vehumet.
  6988 | D:7      | Noticed a hippogriff
  6996 | D:7      | Killed a hippogriff
  6996 | D:7      | Reached XP level 9. HP: 34/66 MP: 12/16
  7022 | D:7      | Reached * piety under Okawaru
  7223 | D:7      | Reached skill level 7 in Unarmed Combat
  7252 | D:7      | Reached skill level 1 in Invocations
  7265 | D:7      | Reached skill level 5 in Fighting
  7389 | D:7      | Reached skill level 5 in Spellcasting
  7964 | D:7      | Reached ** piety under Okawaru
  8346 | D:8      | Found a basalt altar of Yredelemnul.
  8442 | D:8      | Noticed a hellwing
  8456 | D:8      | Killed a hellwing
  8469 | D:8      | Reached skill level 8 in Unarmed Combat
  8469 | D:8      | Gained mutation: When seriously injured, your bleeding wounds create very thick armour. (AC +12) [demonic ancestry]
  8469 | D:8      | Reached XP level 10. HP: 18/76 MP: 16/18
  8944 | D:8      | Slain by an ogre

Vault maps used:
D:1:      dpeg_chamrin_arrival_tetris
D:2:      serial_park_tiny_1, evilmike_ruin_ashenzari
D:4:      grunt_gozag_breadcrumbs, serial_shops, kennysheep_mini_moat,
          first_ration, uniq_menkaure, uniq_sigmund, uniq_natasha
D:6:      nicolae_overflow_quartered_altars, vehumet_altar_wand_db,
          minmay_temple_entry_statues_fountains
D:7:      patterned_corridor
D:8:      cheibrodos_grave_circle, lemuel_coloured_pillars_altar,
          kennysheep_generic_room_11
Temple:   jpeg_temple_clearing

Skill      XL: |  1  2  3  4  5  6  7  8  9 |
---------------+----------------------------+-----
Transmutations | 2 3 4 5 6 7 |  7.9
Unarmed Combat | 3 4 5 6 8 |  8.2
Fighting       | 2 3 4 5 |  5.9
Spellcasting   | 3 4 5 |  5.7
Invocations    | 4 |  4.3
Dodging        | |  1.7

Action                   |  1- 3 |  4- 6 |  7- 9 | 10-12 || total
-------------------------+-------+-------+-------+-------++-------
Melee: Unarmed           |   148 |   122 |   378 |    44 ||   692
       Headbutt          |     6 |       |       |       ||     6
       Kick              |     8 |    25 |    45 |     7 ||    85
       Punch             |     1 |     1 |    11 |     2 ||    15
 Cast: Beastly Appendage |    12 |       |       |       ||    12
       Sticks to Snakes  |     2 |    17 |     1 |     1 ||    21
       Spider Form       |       |     2 |    26 |       ||    28
Invok: Heroism           |       |       |     2 |     3 ||     5
  Use: Scroll            |     7 |     1 |     9 |       ||    17
       Potion            |       |     1 |     1 |       ||     2
 Stab: Distracted        |       |     2 |       |       ||     2
       Sleeping          |       |       |     4 |       ||     4
  Eat: Chunk             |     4 |     6 |    16 |       ||    26
       Ration            |       |       |       |     1 ||     1
Armor: Robe              |    25 |    38 |    39 |     1 ||   103
       Skin              |       |     9 |    16 |    11 ||    36
Dodge: Dodged            |    94 |    78 |   254 |    11 ||   437

Table legend:
 A = Spawn XP
 B = Non-spawn XP
 C = Spawn XP percentage of total XP
 D = Spawn monster count
 E = Non-spawn monster count
 F = Spawn count percentage of total count
 G = Total turns spent on level
                    A         B        C        D         E        F      G
               +---------+---------+-------+---------+---------+-------+---------
         Total |       0 |    6591 |   0.0 |       0 |     150 |   0.0 |  8944
               +---------+---------+-------+---------+---------+-------+---------
           D:1 |       0 |      30 |   0.0 |       0 |      17 |   0.0 |   966
           D:2 |       0 |      51 |   0.0 |       0 |      14 |   0.0 |   947
           D:3 |       0 |      81 |   0.0 |       0 |      15 |   0.0 |   806
           D:4 |       0 |     817 |   0.0 |       0 |      15 |   0.0 |  1678
           D:5 |       0 |     698 |   0.0 |       0 |      14 |   0.0 |   762
           D:6 |       0 |     913 |   0.0 |       0 |      29 |   0.0 |  1709
           D:7 |       0 |    1400 |   0.0 |       0 |      25 |   0.0 |  1258
           D:8 |       0 |    2601 |   0.0 |       0 |      21 |   0.0 |   698
               +---------+---------+-------+---------+---------+-------+---------
